 Dungeon Crawl Stone Soup version 0.28.0-45-g0d030f2227 (console) character file.

Game seed: 12837673134056526761

664 Banquo the Magician (level 7, -1/50 HPs)
             Began as a Djinni Hedge Wizard on Apr 21, 2022.
             Was an Initiate of Fedhas.
             Slain by a black bear (3 damage)
             ... on level 5 of the Dungeon.
             The game lasted 00:25:57 (6468 turns).

Banquo the Magician (Djinni Hedge Wizard)           Turns: 6468, Time: 00:25:58

Health: -1/50      AC:  4    Str:  9    XL:     7   Next: 87%
Gold:   197        EV: 12    Int: 18    God:    Fedhas [......] SH:  0 Dex: 12

rFire   + + .      SeeInvis .   b - staff of conjuration
rCold   x . .      Faith    .   (no shield)
rNeg    . . .      Spirit   .   d - +0 robe
rPois   ∞          Reflect  .   c - +0 hat
rElec   .          Harm     .   (no cloak)
rCorr   .          Rampage  .   g - +1 pair of gloves
Will    .....                   (boots unavailable)
Stlth   ++........              (no amulet)
HPRegen 0.16/turn               (no ring)
MPRegen 0.00/turn               (no ring)

@: flying
A: sickness immunity, fire resistance 2, cold vulnerability 1, float, innate
caster, HP casting, extra vitality 1
a: Renounce Religion


You were on level 5 of the Dungeon.
You worshipped Fedhas.
Fedhas was noncommittal.
You visited 2 branches of the dungeon, and saw 6 of its levels.

You collected 197 gold pieces.

Inventory:

Hand Weapons
 a - a +0 rapier
 e - a +0 spear
 k - a +0 war axe
 m - a +0 dagger
 s - a +1 flail of protection
Armour
 c - a +0 hat (worn)
 d - a +0 robe (worn)
 g - a +1 pair of gloves (worn)
Magical Staves
 b - a staff of conjuration (weapon)
Scrolls
 f - a scroll of vulnerability {unknown}
 h - a scroll of holy word {unknown}
 l - 2 scrolls of immolation
 r - a scroll of fear {unknown}
Potions
 i - a potion of lignification
 j - a potion of degeneration {unknown}
 n - 2 potions of brilliance {unknown}
 o - 2 potions of heal wounds
 p - a potion of mutation {unknown}
 q - 2 potions of might


   Skills:
 * Level 3.2 Fighting
 * Level 3.0 Dodging
 - Level 1.8 Stealth
 + Level 5.7 Spellcasting
 * Level 0.9 Invocations


You couldn't memorise any spells.
You knew the following spells:

 Your Spells              Type           Power      Damage    Failure   Level
a - Magic Dart            Conj           100%       1d8       1%          1
b - Ensorcelled Hibernat  Hex/Ice        50%        N/A       1%          2
c - Mephitic Cloud        Conj/Pois/Air  38%        N/A       3%          3
f - Conjure Flame         Conj/Fire      38%        6-21      3%          3
i - Call Imp              Summ           25%        N/A       1%          2
p - Ignite Poison         Fire/Tmut/Pois 25%        N/A       3%          3
s - Slow                  Hex            100%       N/A       1%          1
z - Foxfire               Conj/Fire      100%       2x1d9     1%          1
B - Blink                 Tloc           50%        N/A       1%          2
Your spell library was empty.

Dungeon Overview and Level Annotations

Branches:
Dungeon (5/15)             Temple (1/1) D:4

Altars:
Ashenzari
Cheibriados
Dithmenos
Fedhas
Gozag
Hepliaklqana
Kikubaaqudgha
Makhleb
Nemelex Xobeh
Okawaru
Qazlal
Ru
Sif Muna
Trog
Uskayaw
Vehumet
Wu Jian
Xom
Yredelemnul
Zin
The Shining One
Beogh

Shops:
D:3 [   D:4 ?

Annotations:
D:2 Sigmund


Innate Abilities, Weirdness & Mutations

You are immune to sickness and miasma.
You are immune to poison.
Your flesh is very heat resistant. (rF++)
You are vulnerable to cold. (rC-)
You float through the air rather than walking.
You learn spells naturally, not from books.
Your magical power is your life essence.
You have superior vitality. (+4 MHP)


Message History

The black bear growls angrily.
The gnoll shouts!
Your crimson imp blinks!
The black bear bites you.
* * * LOW HITPOINT WARNING * * *
The black bear claws you but does no damage.
The black bear claws you.
* * * LOW HITPOINT WARNING * * *
Your crimson imp hits the black bear.
A gnoll comes into view. It is wielding a +0 spear.
A gnoll comes into view. It is wielding a +0 club.
The gnoll barely misses you.
Your crimson imp disappears in a puff of smoke!
Casting: Call Imp (safe; 1% risk of failure)
Confirm with . or Enter, or press ? or * to list all spells.
Aiming: Mephitic Cloud (dangerous; 3% risk of failure)
Press: ? - help, Shift-Dir - straight line, f - black bear
Aim: a black bear (chance to affect: 72%)
You feel a surge of power!
The ball explodes into a vile cloud!
The stinking cloud engulfs the black bear but does no damage.
The stinking cloud engulfs the gnoll but does no damage.
The stinking cloud engulfs you but does no damage.
* * * LOW HITPOINT WARNING * * *
The black bear is engulfed in noxious fumes.
The black bear bites you.
* * * LOW HITPOINT WARNING * * *
The black bear closely misses you.
The black bear claws you but does no damage.
The gnoll is engulfed in noxious fumes.
The gnoll appears confused.
The gnoll hits the black bear with a +0 halberd!
The black bear is engulfed in noxious fumes.
The black bear appears confused.
The gnoll is engulfed in noxious fumes.
The gnoll appears confused.
The black bear is engulfed in noxious fumes.
The black bear appears confused.
A centaur skeleton comes into view.
The gnoll shouts!
The black bear misses you. The black bear claws you.
You die...
Fedhas appreciates your contribution to the ecosystem.

#....###.###....###.
#.#..###.###[#g## #.
#.#gg...... #.# #.
#.#..#########.# #.
#.#g....<).....# #.
#.#l############ .
#.#g# #h# #@##
#..#.## #.###Z# ...
#.## ### #Z# #. #


You could see a black bear (confused), an iguana, 4 gnolls and a centaur
skeleton.

Vanquished Creatures
  Edmund (D:5)
  A necrophage (D:4)
  A scorpion (D:4)
  A jelly (D:3)
  2 gnoll shamans
  2 orc priests (D:4)
  Terence (D:3)
  A hound skeleton (D:4)
  Robin (D:3)
  5 gnolls
  6 adders
  A white imp (D:5)
  2 worms (D:2)
  2 dart slugs (D:1)
  2 orcs (D:4)
  3 ball pythons
  7 endoplasms
  4 giant cockroaches
  14 goblins
  13 hobgoblins
  4 kobolds
  A quokka (D:4)
  5 bats
  5 frilled lizards
  6 rats
91 creatures vanquished.

Vanquished Creatures (others)
  207 foxfires
207 creatures vanquished.

Grand Total: 298 creatures vanquished

Notes
Turn   | Place    | Note
-------+----------+-------------------------------------------
     0 | D:1      | Banquo the Djinni Hedge Wizard began the quest for the Orb.
     0 | D:1      | Reached XP level 1. HP: 15/15 MP: 0/0
   507 | D:1      | Reached XP level 2. HP: 17/21 MP: 0/0
   849 | D:1      | Reached XP level 3. HP: 21/26 MP: 0/0
   849 | D:1      | Learned a level 1 spell: Foxfire
   972 | D:1      | Reached skill level 3 in Spellcasting
  1549 | D:2      | Reached skill level 1 in Fighting
  1640 | D:2      | Reached XP level 4. HP: 30/32 MP: 0/0
  1692 | D:2      | Noticed Sigmund
  1911 | D:2      | Found a faded altar of an unknown god.
  2431 | D:3      | Noticed Robin
  2714 | D:3      | Found Hela's Antique Armour Shoppe.
  2726 | D:3      | Reached XP level 5. HP: 33/38 MP: 0/0
  2726 | D:3      | Learned a level 2 spell: Ensorcelled Hibernation
  2822 | D:3      | Noticed Terence
  2838 | D:3      | Killed Robin
  3009 | D:3      | Reached skill level 4 in Spellcasting
  3164 | D:3      | Killed Terence
  3454 | D:4      | Reached XP level 6. HP: 40/43 MP: 0/0
  3866 | D:4      | Found Sesafypo's Magic Scroll Emporium.
  4055 | D:4      | Noticed a necrophage
  4064 | D:4      | Killed a necrophage
  4065 | D:4      | Reached skill level 5 in Spellcasting
  4065 | D:4      | Reached XP level 7. HP: 24/49 MP: 0/0
  4065 | D:4      | Learned a level 3 spell: Ignite Poison
  4591 | D:4      | Found a staircase to the Ecumenical Temple.
  4597 | Temple   | Entered the Ecumenical Temple
  4916 | Temple   | Became a worshipper of Fedhas Madash
  5463 | D:4      | Found Sesafypo's Magic Scroll Emporium.
  5519 | D:4      | Found a staircase to the Ecumenical Temple.
  6081 | D:4      | Found Sesafypo's Magic Scroll Emporium.
  6137 | D:4      | Found a staircase to the Ecumenical Temple.
  6263 | D:5      | Entered Level 5 of the Dungeon
  6283 | D:5      | Noticed Edmund
  6424 | D:5      | Killed Edmund
  6462 | D:5      | HP: 1/50 [black bear (1)]
  6468 | D:5      | Slain by a black bear

Illustrated notes

Levels and vault maps discovered:
D:1:      minmay_arrival_three_doors, layout_basic
D:2:      layout_loops_corners, shapermc_ecumenical_altar_mp_highgroup,
          uniq_sigmund
D:3:      layout_basic, serial_shops, shop, uniq_robin, uniq_terence
D:4:      layout_loops_ring, minmay_temple_entry_fiery, serial_shops,
          nicolae_shop_statue_plus, kennysheep_orc_chapel
D:5:      layout_loops_ring, st_stairs_6, chequers_avenue, uniq_edmund
Temple:   mainiacjoe_temple_circle_huts

Skill      XL: |  1  2  3  4  5  6  7 |
---------------+----------------------+-----
Spellcasting   | 3 4 5 |  5.7
Fighting       | 1 2 3 |  3.2
Dodging        | 3 |  3.0
Stealth        | |  1.8
Invocations    | |  0.9

Action                   |  1- 3 |  4- 6 |  7- 9 || total
-------------------------+-------+-------+-------++-------
 Cast: Magic Dart        |    60 |    30 |     9 ||    99
       Foxfire           |     6 |    86 |    25 ||   117
       Mephitic Cloud    |       |     5 |     5 ||    10
       Conjure Flame     |       |     1 |       ||     1
       Call Imp          |       |       |     3 ||     3
       Ignite Poison     |       |       |     3 ||     3
  Use: Scroll            |       |     9 |       ||     9
Armor: Robe              |     2 |     2 |     2 ||     6
Dodge: Dodged            |     3 |     7 |     7 ||    17
